 Dungeon Sprint DCSS version 0.30-a0-341-g682706514a (webtiles) character file.

Game seed: 12649980557699155385

2700000 p00ps00p the Axe Maniac (level 17, -51/174 HPs)
             Began as a Demonspawn Gladiator on Nov 4, 2022.
             Was a High Priest of Makhleb.
             Annihilated by a large bag of meat
             ... wielding a +9 giant spiked club
              (69 damage)
             ... in the Dungeon (Sprint VIII: "Arena of Blood").
             The game lasted 00:02:16 (27 turns).

p00ps00p the Axe Maniac (Demonspawn Gladiator)        Turns: 27, Time: 00:02:17

Health: -51/174    AC:  5    Str: 18    XL:     17   Next: 19%
Magic:  0/17       EV: 37    Int: 10    God:    Makhleb [*****.]
Gold:   0          SH:  0    Dex: 25    Spells: 16/16 levels left

rFire   . . .      SeeInvis .    l - +∞ Axe of Woe
rCold   . . .      Faith    .    (shield currently unavailable)
rNeg    . . .      Spirit   +    b - +0 leather armour
rPois   .          Reflect  .    c - +0 helmet
rElec   .          Harm     .    (cloak unavailable)
rCorr   .          Rampage  .    (no gloves)
Will    +....      NoTele   +    (no boots)
Stlth   +++++.....               (no amulet)
HPRegen 5.49/turn                (no ring)
MPRegen 0.30/turn                (no ring)

@: on berserk cooldown, slowed, very slow
A: thin skeletal structure 3, powered by death 2, magic shield, magic
regeneration, weakness stinger 3
a: Renounce Religion, Minor Destruction, Lesser Servant of Makhleb, Major
Destruction, Greater Servant of Makhleb


You were in the Dungeon.
You worshipped Makhleb.
Makhleb was extremely pleased with you.
You visited 1 branch

Inventory:

Hand Weapons
 a - a +0 war axe
 l - the +∞ Axe of Woe (weapon)
   (You found it in the Dungeon)
Missiles
 d - 3 throwing nets (quivered)
 e - a javelin
Armour
 b - a +0 leather armour (worn)
 c - a +0 helmet (worn)
Jewellery
 j - a +30 ring of slaying
Scrolls
 k - a scroll of blinking
Potions
 f - a potion of curing
 g - a potion of heal wounds
 h - a potion of haste
 i - 2 potions of magic


   Skills:
 O Level 27 Fighting
 O Level 27 Axes
 + Level 23.1 Throwing
 + Level 8.0 Armour
 O Level 27 Dodging


You had 16 spell levels left.
You didn't know any spells.
Your spell library was empty.

Dungeon Overview and Level Annotations

Branches:
Dungeon (1/1)

Altars:
Makhleb


Innate Abilities, Weirdness & Mutations

You have an unnaturally thin skeletal structure. (Dex +6, Stealth+++)
You regenerate health from kills.
When hurt, damage is shared between your health and your magic reserves.
You regenerate magic rapidly.
You have a sharp stinger which inflicts weakening toxins.


Message History

The destroyer blinks!
You hear a shout! x2
Your Fighting skill gained 2 levels and is now at level 25!
Your Throwing skill gained 2 levels and is now at level 21!
Your Armour skill gained 2 levels and is now at level 6!
A bag of meat comes into view. It is wielding a +9 war axe.
You hear a shout! x12
The destroyer is engulfed in blazing flames.
You hear a shout! x5
A bag of meat comes into view. It is wielding a +9 war axe.
The destroyer hits you with a +9 vorpal great sword!!!
The destroyer bites you.
The destroyer draws strength from your injuries!
Items here: )) == ††.
The bag of meat shouts!
You slice the destroyer!!
You slaughter the destroyer joyfully.
You destroy the destroyer!
Makhleb accepts your kill.
You feel better.
You hear a shout! x6
The destroyer is engulfed in blazing flames.
The destroyer casts a spell at you.
The destroyer blinks!
You hear a shout! x2
A bag of meat comes into view. It is wielding a +9 war axe.
You hear a shout!
You hear two shouts!
You have mastered Fighting!
Your Throwing skill gained 2 levels and is now at level 23!
Your Armour skill gained 2 levels and is now at level 8!
You have reached level 17!
You hear a shout! x2
The bag of meat is engulfed in blazing flames.
You hear a shout! x2
The destroyer misses you. The destroyer bites you!
The destroyer draws strength from your injuries!
The large bag of meat hits you with a +9 giant spiked club!!!!
Ouch! That really hurt!
* * * LOW HITPOINT WARNING * * *
The large bag of meat hits you with a +9 giant spiked club!!!
You die...

....... .. .....
#. ....# #.. o..#
.. .###..
...###...
......###☼.☼.....
......_o§)☼.....
#...@o# #_.VO_#
#...o.#
.....o_.o...
......###......
.###.. ..o###..
#.. ..o# . #.
...# .. .....


You could see a destroyer, a large bag of meat (inner flame) and 7 bags of meat.

Vanquished Creatures
  A vampire knight (D)
  6 ogres (D)
  A two-headed ogre (D)
  7 orcs (D)
15 creatures vanquished.

Notes
Turn   | Place    | Note
-------+----------+-------------------------------------------
     0 | D        | Found the +∞ Axe of Woe
     0 | D        | p00ps00p the Demonspawn Gladiator began the quest for the
                  | Orb.
     0 | D        | Reached XP level 1. HP: 16/16 MP: 1/1
     2 | D        | Noticed a meat berserker
     3 | D        | Noticed a bag of meat
     4 | D        | Noticed a bag of meat
     4 | D        | Noticed a bag of meat
     5 | D        | Noticed a bag of meat
     6 | D        | Became a worshipper of Makhleb the Destroyer
     8 | D        | Killed a meat berserker
     9 | D        | Reached skill level 10 in Fighting
     9 | D        | Gained mutation: You regenerate magic rapidly. [demonic
                  | ancestry]
     9 | D        | Reached XP level 2. HP: 36/36 MP: 2/2
     9 | D        | Gained mutation: When hurt, damage is shared between your
                  | health and your magic reserves. [demonic ancestry]
     9 | D        | Reached XP level 3. HP: 42/42 MP: 3/3
     9 | D        | Gained mutation: You have a small tail. [demonic ancestry]
     9 | D        | Reached XP level 4. HP: 48/48 MP: 4/4
     9 | D        | Reached XP level 5. HP: 54/54 MP: 5/5
     9 | D        | Gained mutation: You have a somewhat thin skeletal
                  | structure. (Dex +2, Stealth+) [demonic ancestry]
     9 | D        | Reached XP level 6. HP: 61/61 MP: 6/6
     9 | D        | Reached XP level 7. HP: 67/67 MP: 7/7
     9 | D        | Reached XP level 8. HP: 73/73 MP: 8/8
     9 | D        | Gained mutation: You have a tail ending in a sharp stinger.
                  | [demonic ancestry]
     9 | D        | Reached XP level 9. HP: 79/79 MP: 9/9
     9 | D        | Gained mutation: You regenerate a little health from kills.
                  | [demonic ancestry]
     9 | D        | Reached XP level 10. HP: 86/86 MP: 10/10
     9 | D        | Gained mutation: You have a sharp stinger which inflicts
                  | weakening toxins. [demonic ancestry]
     9 | D        | Reached XP level 11. HP: 92/92 MP: 11/11
    10 | D        | Killed a bag of meat
    10 | D        | Reached * piety under Makhleb
    10 | D        | Noticed a meat berserker
    11 | D        | Reached skill level 10 in Throwing
    11 | D        | Reached XP level 12. HP: 100/100 MP: 12/12
    11 | D        | Killed a bag of meat
    12 | D        | Gained mutation: You have a moderately thin skeletal
                  | structure. (Dex +4, Stealth++) [demonic ancestry]
    12 | D        | Reached XP level 13. HP: 107/107 MP: 13/13
    12 | D        | Killed a meat berserker
    12 | D        | Noticed a meat berserker
    12 | D        | Noticed a bag of meat
    13 | D        | Killed a bag of meat
    13 | D        | Reached ** piety under Makhleb
    14 | D        | Reached XP level 14. HP: 118/118 MP: 14/14
    15 | D        | Noticed a bag of meat
    15 | D        | Noticed a meat berserker
    15 | D        | Noticed a bag of meat
    16 | D        | Killed a meat berserker
    16 | D        | Noticed a meat berserker
    17 | D        | Killed a bag of meat
    18 | D        | Killed a meat berserker
    18 | D        | Reached *** piety under Makhleb
    19 | D        | Reached skill level 15 in Fighting
    19 | D        | Gained mutation: You regenerate health from kills. [demonic
                  | ancestry]
    19 | D        | Reached XP level 15. HP: 129/129 MP: 15/15
    19 | D        | Noticed a large bag of meat
    21 | D        | Killed a large bag of meat
    21 | D        | Reached **** piety under Makhleb
    21 | D        | Killed a meat berserker
    21 | D        | Noticed a meat berserker
    22 | D        | Reached skill level 27 in Axes
    22 | D        | Reached skill level 27 in Dodging
    22 | D        | Gained mutation: You have an unnaturally thin skeletal
                  | structure. (Dex +6, Stealth+++) [demonic ancestry]
    22 | D        | Reached XP level 16. HP: 109/153 MP: 10/16
    22 | D        | Noticed a destroyer
    23 | D        | Noticed a destroyer
    23 | D        | Noticed a large bag of meat
    24 | D        | Killed a meat berserker
    24 | D        | Reached ***** piety under Makhleb
    26 | D        | Killed a destroyer
    27 | D        | Reached skill level 27 in Fighting
    27 | D        | Reached XP level 17. HP: 120/174 MP: 5/17
    27 | D        | Annihilated by a large bag of meat

Illustrated notes

Levels and vault maps discovered:
D:        meatsprint

Skill      XL: |  1  2  3  4  5  6  7  8  9 10 11 12 13 14 15 16 |
---------------+-------------------------------------------------+-----
Fighting       | 10 11 13 15 21 27 | 27.0
Axes           | 17 18 20 22 26 27 | 27.0
Throwing       | 9 10 11 12 14 18 23 | 23.1
Dodging        | 17 18 20 22 25 27 | 27.0
Armour         | 3 8 |  8.0

Action                   |  1- 3 |  4- 6 |  7- 9 | 10-12 | 13-15 | 16-18 || total
-------------------------+-------+-------+-------+-------+-------+-------++-------
Melee: Executioner's axe |     1 |       |       |     2 |     7 |     3 ||    13
  Use: Potion            |     1 |       |       |       |       |       ||     1
Dodge: Dodged            |       |       |       |       |     1 |     2 ||     3

Table legend: (Time is in decaauts)
 A = Elapsed time spent in this place.
 B = Non-inter-level travel time spent in this place.
 C = Inter-level travel time spent in this place.
 D = Time resting spent in this place.
 E = Time spent auto-exploring this place.
 F = Levels seen in this place.
 G = Mean time per level.
                   A        B        C        D        E       F      G
               +--------+--------+--------+--------+--------+-----+--------+
         Total |     26 |     26 |      0 |      0 |      0 |   1 |   26.0 |
       Dungeon |     26 |     26 |      0 |      0 |      0 |   1 |   26.0 |
               +--------+--------+--------+--------+--------+-----+--------+

Top non-repeatable levels by time:
       D: 26 daAuts
